 Dungeon Crawl Stone Soup version 0.20-a0-795-ga03948b (webtiles) character file.

890 Alarkh the Slasher (level 7, -1/55 HPs)
             Began as a Demonspawn Fighter on Mar 2, 2017.
             Was an Initiate of Okawaru.
             Slain by an ogre
             ... wielding a +0 giant club
              (26 damage)
             ... on level 4 of the Dungeon.
             The game lasted 00:05:21 (3591 turns).

Alarkh the Slasher (Demonspawn Fighter)             Turns: 3591, Time: 00:05:21

Health: -1/55      AC: 10    Str: 16    XL:     7   Next: 77%
Magic:  7/7        EV:  9    Int: 11    God:    Okawaru [......]
Gold:   250        SH:  0    Dex: 15    Spells: 6/6 levels left

rFire    . . .     SeeInvis .   x - +0 scimitar
rCold    . . .     Gourm    .   b - +0 scale mail
rNeg     . . .     Faith    .   c - +1 shield
rPois    .         Spirit   .   (no helmet)
rElec    .         Reflect  .   (no cloak)
rCorr    .         Harm     .   (no gloves)
MR       .....                  o - +2 pair of boots
Stlth    ..........             (no amulet)
Regen    0.2/turn               (no ring)
MPRegen  0.1/turn               (no ring)

@: confused
A: talons 1, thin skeletal structure 1, spiny 2
a: Renounce Religion


You were on level 4 of the Dungeon.
You worshipped Okawaru.
Okawaru was noncommittal.
You were not hungry.

You visited 1 branch of the dungeon, and saw 4 of its levels.
You also visited: Sewer.

You collected 250 gold pieces.

Inventory:

Hand Weapons
 a - a +0 long sword
 x - a +0 scimitar (weapon)
Armour
 b - a +0 scale mail (worn)
 c - a +1 shield (worn)
 o - a +2 pair of boots (worn)
Jewellery
 y - an uncursed ring of magical power {unknown}
Wands
 w - a wand of disintegration (4/24)
Scrolls
 e - a scroll of identify
 g - 3 scrolls of immolation
 h - a scroll of noise
 i - a scroll of random uselessness
 k - 3 scrolls of recharging
 l - a scroll of amnesia
 p - a scroll of fear
 r - 3 scrolls of teleportation
 s - 2 scrolls of enchant armour
 u - a scroll of remove curse {unknown}
 v - a scroll of fog
Potions
 d - 2 potions of flight
 j - a potion of brilliance
 m - 2 potions of heal wounds
 t - 2 potions of curing
 B - a potion of haste {unknown}
Comestibles
 f - 2 bread rations
 n - 3 royal jellies
 q - 5 fruits
 z - 4 chunks of flesh
 C - a meat ration


   Skills:
 + Level 4.6 Fighting
 * Level 4.8 Long Blades
 + Level 4.4 Armour
 + Level 2.9 Dodging
 + Level 4.2 Shields


You had 6 spell levels left.
You didn't know any spells.

Dungeon Overview and Level Annotations

Branches:
Dungeon (4/15)
 Temple: D:4-7

Altars:
Nemelex Xobeh
Okawaru
Trog
The Shining One


Innate Abilities, Weirdness & Mutations

You have sharp toenails.
You have a somewhat thin skeletal structure. (Dex +2, Stealth)
You are mostly covered in sharp spines.


Message History

An orc priest comes into view. It is wielding a dagger of draining.
The orc priest shouts!
The orc priest invokes the aid of Beogh against you.
Pain shoots through your body!
You hit the orc priest.
The orc priest is moderately wounded.
The orc priest barely misses you.
You hit the orc priest but do no damage.
The orc priest is moderately wounded.
The ogre hits you with a giant club!
The orc priest calls down the wrath of Beogh upon you.
Beogh smites you!
The orc priest is struck by your spines.
The orc priest hits you but does no damage.
It was a potion of ambrosia.
You are confused.
You feel invigorated.
The orc hits you with a morningstar of holy wrath!
You convulse.
The ogre hits you with a giant club!!
You die...

..........####'###....#
...######.# #.....#####
...# ...#.....# ...#
..#.....# ...# #.....#
...# #.....# ...####
#.....# ##....# #.....#
.#....# #...@o# .#....#
#..Ooo# .'....# #..o..#
.#....# #.o...# ##....#
#.....# .##### ....###
. ..... .. ...... ..


You could see an ogre, 2 orc priests and 3 orcs.

Vanquished Creatures
  Grinder (D:3)
  The ghost of Yehuk the Changer, an amateur OpTm (Sewer)
  A big kobold (Sewer)
  A scorpion (D:4)
  An orc priest (D:3)
  2 orc wizards (D:3)
  A worker ant (D:4)
  Natasha (thrice) (D:3)
  3 gnolls (D:4)
  3 adders
  2 river rats (Sewer)
  2 worms (D:3)
  A dart slug (D:4)
  7 leopard geckos
  5 orcs
  11 bats
  5 giant cockroaches (D:3)
  5 goblins
  14 hobgoblins
  3 jackals
  15 kobolds
  A quokka (D:4)
  3 ball pythons
  5 frilled lizards
  12 rats
108 creatures vanquished.

Notes
Turn   | Place    | Note
-------+----------+-------------------------------------------
     0 | D:1      | Alarkh the Demonspawn Fighter began the quest for the Orb.
     0 | D:1      | Reached XP level 1. HP: 18/18 MP: 1/1
   143 | D:1      | Gained mutation: You have sharp toenails. [demonic ancestry]
   143 | D:1      | Reached XP level 2. HP: 18/24 MP: 2/2
   691 | D:1      | Gained mutation: You are partially covered in sharp spines. [demonic ancestry]
   691 | D:1      | Reached XP level 3. HP: 29/29 MP: 3/3
  1807 | D:2      | Found a glowing golden altar of the Shining One.
  1873 | D:2      | Found an iron altar of Okawaru.
  1946 | D:3      | Gained mutation: You have a somewhat thin skeletal structure. (Dex +2, Stealth) [demonic ancestry]
  1946 | D:3      | Reached XP level 4. HP: 35/35 MP: 4/4
  1953 | D:3      | Noticed Natasha
  1956 | D:3      | Reached skill level 1 in Dodging
  1966 | D:3      | Gained mutation: You are mostly covered in sharp spines. [demonic ancestry]
  1966 | D:3      | Reached XP level 5. HP: 39/41 MP: 5/5
  1967 | D:3      | Killed Natasha
  1980 | D:3      | Noticed Natasha
  1991 | D:3      | Killed Natasha
  2221 | D:3      | Noticed Grinder
  2239 | D:3      | Paralysed by Grinder for 5 turns
  2258 | D:3      | Paralysed by Grinder for 4 turns
  2270 | D:3      | Killed Grinder
  2270 | D:3      | Reached XP level 6. HP: 37/48 MP: 6/6
  2329 | D:3      | Found a glowing drain.
  2354 | Sewer    | Entered a sewer
  2457 | Sewer    | Noticed Yehuk's ghost (amateur OpTm)
  2474 | Sewer    | Killed Yehuk's ghost
  2474 | Sewer    | Reached XP level 7. HP: 50/55 MP: 7/7
  2527 | Sewer    | Found a white marble altar of Elyvilon.
  2701 | D:3      | Found a sparkling altar of Nemelex Xobeh.
  3083 | D:3      | Noticed Natasha
  3088 | D:3      | Killed Natasha
  3145 | D:2      | Became a worshipper of Warmaster Okawaru
  3404 | D:4      | Found a bloodstained altar of Trog.
  3591 | D:4      | Slain by an ogre

Vault maps used:
D:1:      minmay_arrival_shattered_statue, minmay_misc_feat_rows,
          minmay_octomino_c4
D:2:      nicolae_overflow_hidden_temple, tso_altar
D:3:      gup_sewer_entry_pipe, nemelex_diamond_rough_becter, uniq_natasha,
          uniq_grinder
D:4:      lightli_temple_of_fire, first_bread
Sewer:    sewer_kobolds

Skill      XL: |  1  2  3  4  5  6 |
---------------+-------------------+-----
Long Blades    | 2 3 4 |  4.8
Armour         | 3 4 |  4.4
Shields        | 3 4 |  4.2
Dodging        | 1 2 |  2.9
Fighting       | 4 |  4.6

Action                   |  1- 3 |  4- 6 |  7- 9 || total
-------------------------+-------+-------+-------++-------
Melee: Long sword        |   120 |    92 |     4 ||   216
       Kick              |     9 |       |       ||     9
       Scimitar          |       |       |    52 ||    52
  Use: Potion            |     1 |     4 |     2 ||     7
       Scroll            |       |    10 |     2 ||    12
  Eat: Chunk             |     3 |     2 |     4 ||     9
Armor: Scale mail        |    64 |    41 |    13 ||   118
Dodge: Dodged            |    30 |    27 |    14 ||    71
Block: Shield            |    65 |    56 |    29 ||   150
       Rpst.: Long sword |     7 |    12 |     1 ||    20
       Scimitar          |       |       |     1 ||     1
